Map: Dusk Towers

Players

TechBot

  • Race: Terran Terran
  • League: Master

MCanning - Winner!

  • Race: Protoss Protoss
  • League: Grandmaster

VOD

Have the link to the VOD?

Description

Time

  • Played on: Jan. 27, 2016, 2:19 a.m.
  • Length: 12:50
Show
View Real Time Build Order
Export as new Build Order

TechBot Terran 

Build Orders: Mech 

Get SALT Encoding   

  12  0:00  SCV  
  13  0:13  SCV  
  14  0:18  Supply Depot  
  14  0:25  SCV  
  15  0:39  SCV  
  16  0:43  Barracks  
  16  0:48  Refinery  
  16  0:51  SCV  
  17  1:03  SCV  
  18  1:13  Refinery  
  18  1:16  SCV  
  19  1:30  Orbital Command  
  19  1:33  Ghost Academy  
  19  1:39  Barracks Tech Lab  
  19  1:40  Supply Depot  
  19  1:55  SCV  
  20  2:02  Ghost  
  20  2:08  SCV  
  23  2:20  SCV  
  24  2:30  Command Center  
  24  2:34  SCV  
  25  2:41  Factory  
  24  2:46  SCV  
  25  2:58  SCV  
  26  3:06  Bunker  
  26  3:10  SCV  
  27  3:15  Supply Depot  
  27  3:23  SCV  
  27  3:24  Starport  
  28  3:31  Supply Depot, Cyclone  
  31  3:36  SCV  
  32  3:41  Orbital Command  
  32  3:48  SCV  
  32  3:50  Barracks Reactor  
  33  4:00  SCV  
  34  4:05  Fusion Core  
  34  4:06  Liberator  
  34  4:07  SCV  
  35  4:10  Refinery  
  35  4:11  Refinery  
  35  4:13  SCV  
  36  4:19  SCV, Engineering Bay  
  40  4:25  SCV  
  40  4:27  Marine  
  40  4:28  Marine  
  43  4:31  SCV  
  43  4:37  SCV  
  45  4:43  SCV  
  46  4:48  Marine x2  
  46  4:49  SCV, Liberator  
  46  4:51  Advanced Ballistics  
  49  4:55  SCV  
  50  5:01  SCV  
  54  5:07  SCV  
  54  5:13  SCV  
  56  5:17  Widow Mine x2  
  56  5:20  Command Center, SCV  
  61  5:25  SCV  
  62  5:42  Supply Depot x2  
  62  5:46  Missile Turret  
  62  5:58  Missile Turret  
  62  6:04  SCV x2  
  62  6:06  Factory  
  62  6:07  Armory, Factory  
  64  6:16  SCV x2  
  69  6:25  Siege Tank  
  69  6:28  SCV x2  
  71  6:33  Liberator x2  
  71  6:42  SCV  
  71  6:44  Orbital Command  
  72  6:49  SCV, Factory  
  72  6:52  Factory Tech Lab, Factory, Factory Reactor  
  79  6:54  Missile Turret  
  79  6:55  Missile Turret  
  79  6:56  SCV  
  79  6:57  Siege Tank  
  84  7:01  SCV, Drilling Claws  
  84  7:12  Orbital Command  
  84  7:13  Siege Tank  
  87  7:21  Command Center  
  87  7:28  Widow Mine x2  
  91  7:38  SCV x2  
  93  7:57  Supply Depot  
  93  7:59  Supply Depot  
  93  8:01  Supply Depot, Liberator  
  93  8:02  Missile Turret  
  93  8:06  SCV x3  
  93  8:13  Factory Reactor x2  
  93  8:18  Siege Tank, Widow Mine x2  
  93  8:19  SCV x3  
  106  8:20  Supply Depot  
  106  8:21  Thor  
  106  8:22  Supply Depot  
  106  8:25  Refinery  
  112  8:27  Refinery  
  112  8:28  Command Center  
  112  8:29  Terran Vehicle And Ship Armor Level 1  
  112  8:35  SCV  
  113  8:46  Widow Mine, Liberator  
  113  8:47  SCV, Widow Mine  
  119  8:48  SCV  
  119  8:51  Siege Tank, Widow Mine  
  119  8:53  Widow Mine  
  126  8:56  Widow Mine x2  
  126  8:58  SCV  
  126  8:59  SCV  
  132  9:03  Widow Mine  
  132  9:09  Refinery  
  137  9:10  Missile Turret  
  137  9:11  Planetary Fortress, Refinery, Missile Turret  
  137  9:13  SCV x3, Missile Turret  
  137  9:15  Widow Mine  
  137  9:16  Widow Mine  
  144  9:20  Widow Mine  
  144  9:22  Widow Mine  
  144  9:23  Widow Mine  
  150  9:25  Command Center, SCV  
  151  9:37  Siege Tank, Widow Mine  
  156  9:39  Widow Mine  
  156  9:40  SCV  
  156  9:43  Widow Mine  
  156  9:44  Supply Depot x2, Widow Mine  
  156  9:45  Supply Depot  
  163  9:48  Widow Mine  
  163  9:50  Widow Mine  
  163  9:52  Siege Tank  
  170  9:55  Command Center  
  158  10:11  Liberator  
  143  10:19  SCV  
  143  10:20  SCV  
  145  10:25  Siege Tank x2, Widow Mine x4  
  145  10:26  Planetary Fortress  
  145  10:28  SCV x2  
  164  10:43  SCV x2  
  164  10:46  SCV  
  164  10:59  SCV  
  158  11:11  SCV  
  155  11:13  Widow Mine x2  
  155  11:14  Siege Tank x2  
  163  11:19  Widow Mine x4  
  163  11:23  SCV  
  172  11:34  Refinery x2  
  172  11:35  Command Center  
  169  11:41  Widow Mine  
  169  11:42  Widow Mine  
  169  11:46  Siege Tank x2  
  176  11:48  Widow Mine  
  176  11:51  Widow Mine x3  
  162  12:10  Widow Mine  
  162  12:15  Widow Mine  
  158  12:16  Widow Mine  
  158  12:18  Siege Tank  
  158  12:19  Widow Mine x3  
Show
View Real Time Build Order
Export as new Build Order

MCanning Protoss - Winner!

Build Orders: 1 Gate Expand 

Get SALT Encoding   

  12  0:02  Probe (Chrono Boost)  
  13  0:12  Probe (Chrono Boost)  
  14  0:18  Pylon  
  14  0:23  Probe (Chrono Boost)  
  15  0:36  Probe (Chrono Boost)  
  15  0:38  Gateway  
  16  0:46  Probe (Chrono Boost)  
  17  0:52  Assimilator  
  17  0:57  Probe (Chrono Boost)  
  18  1:08  Probe (Chrono Boost)  
  19  1:20  Nexus  
  19  1:30  Cybernetics Core  
  19  1:32  Probe (Chrono Boost)  
  20  1:42  Probe (Chrono Boost), Assimilator  
  21  1:53  Probe (Chrono Boost)  
  22  1:54  Pylon  
  22  2:03  Probe (Chrono Boost)  
  23  2:14  Mothership Core (Chrono Boost)  
  25  2:17  Adept (Chrono Boost), Pylon  
  27  2:23  Warp Gate  
  27  2:30  Probe  
  27  2:34  Probe  
  29  2:46  Robotics Facility  
  29  2:47  Probe  
  29  2:48  Probe  
  30  2:59  Probe, Adept (Chrono Boost)  
  30  3:00  Probe  
  34  3:16  Gateway  
  34  3:23  Adept (Chrono Boost)  
  36  3:29  Gateway  
  36  3:35  Observer (Chrono Boost)  
  36  3:36  Probe  
  36  3:39  Twilight Council  
  36  3:41  Probe  
  39  3:50  Probe  
  39  3:52  Probe  
  39  3:54  Observer (Chrono Boost)  
  42  4:02  Probe  
  43  4:04  Probe  
  44  4:12  Observer (Chrono Boost)  
  44  4:14  Probe (Chrono Boost)  
  44  4:15  Blink (Chrono Boost)  
  46  4:18  Probe (Chrono Boost)  
  46  4:23  Pylon  
  47  4:26  Probe (Chrono Boost)  
  47  4:30  Probe (Chrono Boost)  
  49  4:33  Gateway x2  
  49  4:37  Probe (Chrono Boost)  
  50  4:40  Probe (Chrono Boost), Assimilator  
  50  4:44  Assimilator  
  51  4:47  Probe (Chrono Boost)  
  51  4:51  Probe (Chrono Boost)  
  53  4:55  Forge  
  53  4:57  Stalker  
  53  4:58  Probe (Chrono Boost)  
  56  5:01  Probe (Chrono Boost)  
  56  5:03  Stalker  
  59  5:08  Probe (Chrono Boost)  
  59  5:14  Probe (Chrono Boost), Pylon  
  60  5:30  Protoss Ground Weapons Level 1 (Chrono Boost)  
  60  5:35  Stalker  
  62  5:36  Nexus  
  62  5:37  Stalker  
  62  5:38  Pylon  
  64  5:45  Probe (Chrono Boost)  
  64  5:47  Probe (Chrono Boost), Pylon  
  66  5:54  Immortal  
  66  5:56  Probe (Chrono Boost)  
  71  6:02  Pylon  
  71  6:07  Probe (Chrono Boost)  
  72  6:14  Pylon  
  72  6:15  Probe (Chrono Boost)  
  72  6:16  Resonating Glaives  
  72  6:17  Robotics Bay  
  72  6:18  Probe (Chrono Boost)  
  74  6:24  Stargate  
  71  6:26  Probe (Chrono Boost)  
  72  6:34  Assimilator  
  68  6:47  Probe (Chrono Boost)  
  69  6:55  Probe (Chrono Boost)  
  70  7:03  Probe (Chrono Boost)  
  70  7:07  Probe (Chrono Boost), Phoenix (Chrono Boost)  
  72  7:10  Protoss Ground Armor Level 1  
  72  7:13  Disruptor (Chrono Boost)  
  72  7:14  Assimilator  
  77  7:30  Probe, Phoenix (Chrono Boost)  
  77  7:33  Probe  
  77  7:46  Probe  
  77  7:47  Probe  
  77  7:48  Probe  
  79  7:54  Phoenix  
  79  7:57  Probe  
  82  8:06  Probe  
  82  8:08  Probe  
  82  8:09  Disruptor (Chrono Boost)  
  82  8:10  Probe  
  88  8:16  Adept x4, Pylon  
  88  8:18  Probe  
  88  8:19  Probe  
  97  8:22  Probe  
  99  8:29  Probe  
  99  8:30  Probe  
  101  8:34  Probe  
  101  8:35  Dark Shrine  
  101  8:40  Probe, Disruptor (Chrono Boost)  
  105  8:42  Probe  
  105  8:44  Stalker x3  
  105  8:46  Probe, Protoss Ground Weapons Level 2  
  114  8:52  Stalker x2, Probe  
  119  9:11  Disruptor (Chrono Boost)  
  119  9:16  Nexus  
  122  9:18  Pylon  
  122  9:23  Stalker  
  124  9:27  Pylon x2  
  124  9:39  Stalker x4  
  132  9:48  Gateway, Disruptor (Chrono Boost)  
  132  9:49  Probe, Gateway  
  132  9:51  Pylon  
  132  9:52  Pylon  
  136  9:53  Pylon  
  136  9:56  Stalker, Pylon  
  121  10:24  Probe  
  120  10:28  Fleet Beacon  
  120  10:29  Stalker x5, Stargate  
  120  10:32  Probe, Disruptor (Chrono Boost)  
  120  10:34  Probe  
  120  10:35  Probe  
  135  10:38  Probe, Assimilator  
  135  10:42  Probe, Assimilator  
  137  10:46  Probe  
  137  10:48  Probe  
  140  10:56  Dark Templar x4  
  148  10:57  Dark Templar x2  
  152  11:05  Archon x2  
  152  11:06  Archon  
  150  11:11  Disruptor (Chrono Boost)  
  150  11:18  Stalker  
  155  11:22  Probe  
  156  11:28  Stalker x2  
  156  11:29  Stalker x4  
  161  11:43  Tempest x2 (Chrono Boost)  
  167  11:53  Zealot x6  
  167  11:54  Zealot  
  184  12:30  Adept  
  184  12:31  Adept x2  
  184  12:34  Nexus  
  184  12:35  Pylon  
Tags
 
Add a new tag
Caveats
  • Supply blocks, unpowered buildings, or Contaminate may cause inaccurate times.
  • Supply counts are checked every 10 seconds.